AoeStats
← filip

MegaRandom

507068799Analyzed
2v2 RM · 15d ago on Sep 16, 2026· 19m 7s· 4 players
Game mode
Random Map
Map size
Medium (4 player)
Population
200
Speed
Normal
Resources
Standard
Victory
Conquest
Starting age
Dark Age
Ending age
Imperial Age
RankedLock teamsTeams togetherTeam positionsShared explorationLock speedFull tech treeHidden civsTurbo modeCheats
Victory
Defeat
🇨🇱 Mongols · Chile
1042
+17
🇨🇱 Maya · Chile
1042
+17
🇨🇳 Jurchens · China
1073
-17
🇨🇳 Poles · China
1060
-17
RickOP
5:25 Loom
10:21 Feudal Age
13:43 Double-Bit Axe
filip
5:04 Loom
11:25 Feudal Age
14:46 Double-Bit Axe
18:51 Town Watch
yuyuyu
9:09 Loom
12:03 Feudal Age
16:58 Scale Barding Armor
yanyang
0:32 Loom
10:21 Feudal Age
12:53 Double-Bit Axe
15:06 Horse Collar
17:05 Bloodlines
Connection lost

Rejoining the realm…

Still unreachable

The connection could not be restored.

Session expired

The server has moved on; the page needs a fresh start.